Map: Dusk Towers

Players

AcerBly (Bly) - Winner!

  • Race: Zerg Zerg
  • League: Grandmaster

FireCake

  • Race: Zerg Zerg
  • League: Grandmaster

Event: Gauntlet LotV Series 1 Qualifier 2

VOD

Have the link to the VOD?

Description

Time

  • Played on: Dec. 5, 2015, 7:02 p.m.
  • Length: 35:21

All games in this series

Show
View Real Time Build Order
Export as new Build Order

AcerBly Zerg - Winner!

Build Orders: Hatch First, Lurkers, Zergling Baneling 

Get SALT Encoding   

  12  0:00  Drone  
  13  0:12  Overlord  
  13  0:17  Drone  
  14  0:30  Drone  
  14  0:31  Drone  
  14  0:34  Drone  
  17  0:52  Hatchery  
  17  0:56  Drone  
  17  0:57  Drone  
  17  1:01  Extractor  
  17  1:13  Spawning Pool  
  17  1:17  Drone  
  17  1:21  Drone  
  18  1:28  Drone  
  19  1:39  Overlord  
  19  2:00  Queen  
  19  2:01  Zergling x4  
  23  2:04  Metabolic Boost  
  23  2:05  Queen  
  23  2:07  Drone  
  26  2:10  Drone  
  26  2:15  Drone  
  28  2:23  Drone  
  28  2:27  Drone  
  30  2:32  Drone  
  30  2:36  Overlord  
  31  2:41  Baneling Nest  
  30  2:48  Drone  
  33  2:53  Zergling x2  
  33  2:55  Zergling x2  
  33  3:00  Zergling x2  
  34  3:08  Zergling x2  
  34  3:09  Zergling x8  
  39  3:14  Zergling x2  
  39  3:15  Zergling x4  
  39  3:18  Overlord  
  42  3:25  Baneling x4  
  42  3:27  Drone  
  42  3:30  Extractor  
  42  3:35  Baneling x2  
  42  3:36  Drone x2  
  42  3:40  Roach Warren  
  41  3:57  Drone x2  
  40  4:04  Drone x6  
  40  4:09  Baneling x2  
  42  4:18  Hatchery  
  39  4:38  Roach x7  
  51  4:44  Overlord x2  
  51  4:56  Zergling x2  
  52  5:00  Overlord  
  52  5:09  Zergling x14  
  52  5:10  Zergling x2  
  58  5:21  Baneling x2  
  58  5:22  Zergling x4  
  54  5:34  Roach x6  
  58  5:42  Roach x3  
  60  5:44  Drone  
  53  5:59  Hatchery  
  53  6:01  Drone x3  
  52  6:06  Queen  
  52  6:09  Zergling x6  
  52  6:10  Zergling x8  
  62  6:14  Hatchery  
  62  6:17  Extractor  
  60  6:24  Drone x2  
  62  6:26  Lair  
  62  6:32  Drone x3  
  65  6:36  Ravager x4  
  69  6:40  Drone  
  69  6:41  Drone  
  69  6:42  Extractor  
  69  6:45  Drone  
  71  6:51  Overlord  
  71  6:54  Drone  
  71  6:59  Overlord  
  71  7:06  Overlord  
  71  7:19  Drone  
  71  7:21  Roach x3  
  78  7:27  Spire  
  74  7:36  Drone x2  
  74  7:37  Drone x4  
  77  7:42  Overlord  
  78  7:52  Roach  
  78  7:53  Roach  
  82  8:00  Spine Crawler x2  
  82  8:05  Drone x3  
  83  8:14  Extractor  
  83  8:15  Zergling x14  
  83  8:18  Extractor  
  88  8:30  Overlord  
  88  8:39  Mutalisk x7  
  101  8:42  Mutalisk  
  101  8:44  Mutalisk  
  105  8:49  Zerg Flyer Weapons Level 1  
  105  8:50  Drone  
  105  8:52  Drone  
  107  9:03  Mutalisk, Hydralisk Den  
  108  9:11  Drone x2  
  108  9:12  Drone x3  
  113  9:20  Overlord  
  113  9:21  Overlord  
  113  9:25  Overlord  
  113  9:41  Mutalisk x5  
  119  9:51  Mutalisk x3  
  100  10:12  Mutalisk x3  
  100  10:14  Drone x7  
  90  10:24  Roach x2  
  91  10:41  Lurker Den  
  87  10:47  Drone x3  
  87  10:54  Drone x2  
  89  11:02  Overseer  
  89  11:04  Overseer  
  89  11:07  Drone  
  89  11:08  Drone x2  
  92  11:28  Drone x9  
  101  11:46  Hatchery  
  98  11:48  Zerg Flyer Weapons Level 2  
  98  11:52  Overseer  
  96  11:59  Mutalisk x2  
  100  12:11  Ravager x2  
  102  12:22  Hydralisk x2  
  102  12:28  Mutalisk  
  86  12:32  Drone x2  
  86  12:33  Drone  
  89  12:37  Drone  
  89  12:38  Hatchery, Drone  
  84  13:00  Mutalisk x2  
  84  13:01  Mutalisk x2  
  84  13:02  Lurker x2  
  84  13:05  Drone x2  
  96  13:15  Hydralisk x3  
  102  13:43  Lurker x3  
  102  13:44  Hydralisk x3  
  102  13:46  Drone x8  
  117  13:51  Overlord  
  117  14:13  Lurker  
  117  14:14  Lurker x2  
  120  14:30  Overlord x3  
  119  14:33  Zergling x20  
  127  14:44  Evolution Chamber  
  124  14:54  Spore Crawler x2  
  124  14:55  Spore Crawler  
  119  15:31  Overseer  
  119  15:41  Overlord  
  119  15:42  Mutalisk x12  
  121  15:46  Hatchery  
  139  15:54  Overlord x2  
  139  15:58  Overlord  
  139  16:02  Zerg Missile Weapons Level 1  
  139  16:03  Mutalisk x2  
  138  16:29  Mutalisk x4  
  146  16:37  Spine Crawler  
  146  16:38  Spine Crawler  
  144  16:43  Hatchery  
  138  17:12  Drone x2  
  139  17:25  Mutalisk x3  
  139  17:26  Mutalisk  
  139  17:27  Baneling x2  
  139  17:28  Baneling x2  
  145  17:35  Zergling x4  
  145  17:48  Pneumatized Carapace  
  141  18:07  Drone x2  
  131  18:42  Mutalisk x8  
  131  18:43  Roach  
  131  18:46  Drone x9  
  158  18:54  Drone x3  
  161  18:58  Hatchery  
  161  18:59  Extractor  
  161  19:00  Extractor  
  156  19:18  Drone x2, Extractor  
  156  19:21  Extractor  
  156  19:24  Mutalisk x4  
  156  19:25  Mutalisk  
  156  19:28  Zergling x2  
  156  19:29  Zergling x8  
  171  19:35  Zergling x6  
  164  19:57  Zerg Flyer Armor Level 1  
  160  20:13  Drone x3, Baneling x3  
  159  20:14  Mutalisk  
  159  20:15  Mutalisk x3  
  159  20:20  Spore Crawler  
  166  20:24  Spore Crawler  
  166  20:25  Hatchery  
  114  20:44  Mutalisk x4  
  122  20:51  Zergling x2  
  122  20:52  Zergling x20  
  133  21:01  Mutalisk x2  
  133  21:21  Mutalisk x3  
  133  21:22  Mutalisk  
  134  21:38  Mutalisk x2  
  126  22:03  Mutalisk  
  126  22:04  Mutalisk x4  
  126  22:06  Zergling x14  
  143  22:12  Drone x3  
  143  22:14  Drone x3, Spore Crawler  
  143  22:15  Spore Crawler x2  
  146  22:17  Spore Crawler  
  122  22:39  Extractor  
  122  22:40  Mutalisk x5  
  124  23:02  Zergling x18  
  123  23:08  Mutalisk x2  
  123  23:18  Mutalisk x3  
  124  23:28  Zergling x2  
  124  23:29  Zergling x4  
  125  23:40  Drone x2  
  125  23:41  Drone  
  121  23:45  Mutalisk x4  
  113  23:59  Mutalisk x2  
  106  24:06  Drone x4  
  106  24:07  Drone x3  
  113  24:11  Drone  
  106  24:38  Mutalisk x4  
  109  24:46  Zergling x2  
  109  24:47  Zergling x8  
  109  24:49  Extractor  
  109  24:52  Spore Crawler x2  
  93  25:14  Mutalisk  
  93  25:15  Mutalisk x2  
  93  25:17  Overlord  
  93  25:18  Zergling x6  
  102  25:27  Zergling x16  
  102  25:28  Zergling x4  
  112  25:42  Mutalisk x2  
  115  25:50  Hatchery  
  108  26:04  Hatchery  
  105  26:15  Mutalisk  
  105  26:16  Overseer  
  109  26:18  Hydralisk x2  
  109  26:19  Hydralisk x4  
  109  26:23  Evolution Chamber  
  118  26:32  Overseer  
  115  26:41  Drone  
  110  26:51  Hatchery  
  108  27:00  Hatchery  
  107  27:02  Zerg Melee Weapons Level 1  
  107  27:03  Zerg Ground Armor Level 1  
  91  27:14  Lurker x3  
  84  27:29  Drone  
  86  27:30  Drone  
  86  27:31  Drone x12  
  86  27:32  Drone x4  
  86  28:04  Hydralisk  
  86  28:05  Hydralisk x10  
  106  28:12  Zergling x2  
  106  28:13  Zergling x6  
  107  28:29  Drone  
  107  28:30  Drone x8  
  107  28:32  Lurker x3  
  105  28:51  Zergling x26  
  113  29:04  Baneling x5  
  109  29:11  Extractor  
  109  29:12  Extractor  
  104  29:18  Hydralisk x3  
  104  29:19  Hydralisk  
  110  29:40  Overlord  
  110  29:42  Drone x2  
  110  29:43  Drone  
  92  29:54  Lurker x3  
  92  29:55  Lurker  
  70  30:24  Zergling x34  
  82  30:45  Mutalisk x5  
  87  30:57  Mutalisk x3  
  91  31:17  Mutalisk  
  81  31:33  Mutalisk  
  81  31:34  Mutalisk  
  81  31:37  Overseer  
  76  31:45  Hatchery  
  75  32:01  Hydralisk  
  75  32:03  Hydralisk  
  77  32:43  Mutalisk x3  
  83  32:53  Lurker  
  84  33:07  Extractor  
  84  33:09  Extractor  
  82  33:14  Drone x2  
  82  33:33  Drone x2  
  84  33:40  Lurker  
  85  33:42  Hydralisk x2  
  89  33:51  Hatchery  
  80  34:03  Drone x3  
  83  34:15  Drone  
  84  34:22  Zergling x14  
Show
View Real Time Build Order
Export as new Build Order

FireCake Zerg 

Build Orders: Hatch First, Zergling Baneling 

Get SALT Encoding   

  12  0:00  Drone  
  13  0:08  Drone  
  14  0:17  Overlord  
  14  0:23  Drone, Extractor  
  15  0:35  Drone x2  
  17  0:52  Hatchery  
  17  0:54  Drone  
  17  0:57  Drone  
  18  1:08  Extractor  
  17  1:12  Spawning Pool  
  17  1:15  Drone  
  17  1:18  Drone  
  18  1:26  Drone  
  19  1:39  Overlord  
  19  1:48  Drone  
  20  1:58  Queen  
  20  1:59  Drone  
  23  2:03  Queen  
  23  2:04  Drone  
  26  2:08  Spine Crawler  
  26  2:11  Metabolic Boost  
  26  2:14  Drone  
  26  2:17  Drone  
  26  2:22  Drone  
  28  2:30  Drone  
  28  2:34  Baneling Nest  
  28  2:38  Drone  
  28  2:39  Drone  
  31  2:49  Zergling x2  
  32  2:51  Zergling x2  
  32  2:52  Hatchery  
  32  3:00  Zergling x2  
  32  3:01  Overlord  
  33  3:10  Zergling x2  
  33  3:11  Drone x2  
  36  3:16  Overlord  
  36  3:19  Zergling x2  
  38  3:20  Zergling x6  
  38  3:25  Baneling x2  
  38  3:26  Baneling x2  
  40  3:28  Baneling x2  
  40  3:31  Zergling x4  
  42  3:37  Zergling x4  
  44  3:43  Baneling  
  43  3:57  Zergling x2  
  43  3:58  Zergling x10  
  47  4:06  Zergling x6  
  50  4:15  Zergling x6  
  48  4:23  Baneling x2  
  48  4:24  Baneling x3  
  46  4:33  Zergling x6  
  46  4:38  Extractor  
  46  4:44  Zergling x12  
  52  4:52  Zergling x10  
  57  4:57  Drone  
  58  5:03  Overlord x2  
  58  5:07  Spore Crawler  
  56  5:08  Extractor, Queen  
  56  5:12  Roach Warren  
  54  5:24  Zergling x12  
  54  5:35  Drone x8  
  58  5:42  Zergling x4  
  49  6:05  Overlord  
  49  6:09  Drone x4  
  49  6:10  Overlord  
  53  6:15  Roach x4  
  61  6:21  Evolution Chamber  
  60  6:25  Drone  
  60  6:26  Drone x4  
  60  6:27  Roach  
  60  6:28  Roach x2  
  60  6:30  Roach  
  73  6:39  Roach x3  
  79  6:47  Baneling x2  
  79  6:51  Roach  
  79  6:53  Overlord x3  
  81  6:55  Zerg Missile Weapons Level 1  
  81  7:08  Overlord  
  81  7:13  Drone x5  
  81  7:14  Drone x3  
  89  7:21  Lair  
  89  7:27  Extractor  
  89  7:28  Extractor  
  89  7:29  Extractor  
  83  7:36  Drone x3  
  84  7:37  Drone x3  
  84  7:38  Drone x3  
  90  7:45  Ravager x3  
  90  7:46  Ravager  
  90  7:50  Roach x3  
  100  7:59  Overlord x2  
  100  8:00  Overlord  
  100  8:05  Roach x2  
  104  8:06  Overlord x2  
  104  8:14  Overlord, Extractor  
  104  8:15  Hatchery, Overlord  
  104  8:19  Drone x3  
  105  8:20  Glial Reconstitution  
  105  8:23  Roach  
  105  8:24  Roach x4  
  115  8:32  Roach x4  
  123  8:40  Roach x4  
  131  8:43  Pneumatized Carapace  
  131  8:48  Overlord  
  131  8:50  Overlord  
  131  8:56  Zerg Missile Weapons Level 2  
  131  8:58  Roach x3  
  137  9:05  Roach x3  
  143  9:11  Roach x4  
  143  9:14  Ravager x3  
  143  9:17  Overlord  
  154  9:19  Overlord  
  154  9:21  Overlord  
  154  9:30  Roach x4  
  162  9:38  Roach x4  
  161  9:41  Burrow  
  156  9:50  Roach  
  156  9:51  Roach x4  
  156  9:58  Roach x4  
  144  10:08  Roach x5  
  139  10:15  Roach x4  
  134  10:27  Hydralisk Den  
  115  10:30  Tunneling Claws  
  115  10:32  Roach  
  115  10:33  Roach x4  
  121  10:44  Overlord  
  121  10:46  Drone x2  
  121  10:47  Drone x5  
  116  11:02  Spore Crawler x2  
  116  11:03  Roach x4  
  110  11:09  Hydralisk  
  110  11:10  Hydralisk x7  
  126  11:11  Hydralisk  
  126  11:19  Hydralisk x2  
  126  11:23  Roach x2  
  120  11:29  Hydralisk x4  
  120  11:32  Muscular Augments  
  122  11:35  Hydralisk  
  120  11:47  Hydralisk x5  
  114  11:55  Zerg Ground Armor Level 1  
  114  11:56  Hydralisk x3  
  114  11:58  Overseer  
  118  12:11  Spore Crawler  
  118  12:14  Spore Crawler  
  114  12:17  Hydralisk x6  
  124  12:28  Hydralisk x4  
  110  12:35  Hydralisk  
  104  12:37  Spore Crawler  
  101  12:58  Hatchery, Hydralisk x5  
  110  13:12  Spore Crawler  
  110  13:15  Hydralisk x4  
  117  13:23  Hydralisk x2  
  121  13:39  Hydralisk x5  
  131  13:53  Hydralisk x3  
  137  13:57  Lurker Den  
  136  14:16  Zerg Ground Armor Level 2  
  132  14:32  Spore Crawler x3  
  132  14:33  Spore Crawler  
  132  14:34  Spore Crawler  
  132  14:35  Spore Crawler  
  132  14:36  Spore Crawler  
  132  14:37  Overlord x2  
  123  14:45  Roach x8  
  139  15:04  Infestation Pit  
  138  15:20  Ravager x8  
  146  15:22  Overlord x2  
  146  15:28  Hatchery  
  145  15:36  Overseer x2  
  145  15:38  Overlord x2  
  145  15:42  Lurker x2  
  147  15:46  Extractor x2  
  147  15:48  Drone x3  
  147  15:49  Drone x4  
  153  15:50  Drone x2  
  153  15:55  Lurker x2  
  154  16:05  Extractor  
  153  16:18  Spire  
  152  16:28  Hive  
  152  16:30  Drone x3  
  155  16:33  Drone x3  
  155  16:34  Overlord x2  
  158  16:41  Lurker x2  
  158  16:47  Spore Crawler  
  159  16:56  Spore Crawler  
  159  16:58  Spore Crawler x2  
  141  17:41  Greater Spire  
  141  17:42  Corruptor x5  
  141  17:43  Corruptor x5  
  161  17:48  Spore Crawler, Spine Crawler  
  161  17:49  Drone x4  
  161  17:50  Drone x6  
  160  18:03  Corruptor x2  
  162  18:17  Viper  
  144  18:50  Viper  
  144  18:56  Viper  
  142  19:03  Drone  
  142  19:04  Drone x3  
  142  19:05  Drone x4  
  150  19:16  Viper  
  153  19:20  Roach x3  
  159  19:30  Drone  
  159  19:31  Overlord x2  
  143  19:59  Brood Lord  
  141  20:00  Brood Lord x2  
  141  20:05  Drone x2  
  141  20:06  Drone x8  
  155  20:12  Brood Lord  
  157  20:20  Roach x2  
  161  20:31  Extractor  
  151  20:35  Extractor  
  147  20:49  Drone x3  
  150  20:55  Corruptor x2  
  143  21:34  Roach x3  
  144  21:40  Overseer  
  144  21:43  Corruptor  
  144  21:44  Corruptor x2  
  138  22:21  Corruptor  
  140  22:23  Brood Lord x2  
  128  22:52  Viper  
  130  23:08  Lurker x3  
  130  23:16  Drone x3  
  130  23:33  Spore Crawler  
  129  23:37  Hatchery  
  124  23:46  Viper  
  120  23:51  Zergling x6  
  120  23:52  Zergling x26  
  124  24:04  Zergling x2  
  124  24:05  Zergling x8  
  124  24:06  Zerg Melee Weapons Level 1  
  120  24:20  Zergling x10  
  120  24:21  Queen x4  
  132  24:37  Viper x2  
  133  24:46  Hydralisk x2  
  133  24:47  Hydralisk  
  129  24:59  Spore Crawler  
  128  25:00  Spore Crawler x3  
  108  25:18  Drone  
  108  25:19  Drone x4  
  108  25:20  Hatchery, Drone x7  
  119  25:28  Hatchery  
  115  25:38  Spore Crawler  
  115  25:39  Spore Crawler  
  115  25:41  Spore Crawler  
  111  26:03  Hydralisk x3  
  116  26:08  Spore Crawler  
  116  26:09  Spore Crawler  
  116  26:11  Spore Crawler x2, Extractor  
  112  26:12  Spore Crawler, Spine Crawler  
  112  26:13  Extractor  
  112  26:18  Drone x3  
  111  26:19  Drone x2  
  111  26:20  Drone  
  112  26:36  Drone x3  
  100  26:47  Drone  
  99  27:13  Drone x4  
  103  27:16  Drone  
  103  28:07  Drone x10  
  103  28:09  Zerg Flyer Weapons Level 1  
  107  28:27  Lurker x4  
  109  28:54  Roach x3  
  100  29:45  Zergling x18  
  99  29:46  Zergling x8  
  113  29:53  Brood Lord x2  
  82  30:22  Roach  
  82  30:23  Roach x10  
  99  30:47  Hatchery  
  91  30:59  Roach x6  
  101  31:23  Roach x13  
  83  32:26  Hatchery  
  78  32:38  Roach x15  
  71  33:41  Extractor  
  70  34:09  Roach x8  
  66  34:21  Roach x6  
Tags
 
Add a new tag
Caveats
  • Supply blocks, unpowered buildings, or Contaminate may cause inaccurate times.
  • Supply counts are checked every 10 seconds.